 Dungeon Crawl Stone Soup version 0.21-a0-94-gdd6ab6a (webtiles) character file.

201 Lavandula the Bolt Thrower (level 5, -6/37 HPs)
             Began as a Mummy Arcane Marksman on July 3, 2017.
             Killed from afar by an orc wizard (13 damage)
             ... with a puff of flame
             ... on level 4 of the Dungeon.
             The game lasted 00:07:36 (1478 turns).

Lavandula the Bolt Thrower (Mummy Arcane Marksman)  Turns: 1478, Time: 00:07:37

Health: -6/37      AC:  3    Str: 14    XL:     5   Next: 50%
Magic:  7/7        EV: 12    Int: 12    God:
Gold:   25         SH:  4    Dex: 13    Spells: 3/6 levels left

rFire    x x .     SeeInvis .   a - +1 hand crossbow
rCold    + + .     Gourm    .   m - +0 buckler
rNeg     + + +     Faith    .   e - +0 robe
rPois    ∞         Spirit   .   j - +0 helmet
rElec    .         Reflect  .   (no cloak)
rCorr    .         Harm     .   (no gloves)
MR       .....                  (no boots)
Stlth    +.........             (no amulet)
HPRegen  0.12/turn              i - ring of ice
MPRegen  0.10/turn              (no ring)

@: no status effects
A: no food or potions, fire vulnerability, cold resistance 1, negative energy
resistance 3, torment resistance, unbreathing
a: no special abilities


You were on level 4 of the Dungeon.
You were not hungry.

You visited 1 branch of the dungeon, and saw 5 of its levels.

You collected 112 gold pieces.
You spent 87 gold pieces at shops.

Inventory:

Hand Weapons
 a - a +1 hand crossbow (weapon)
 l - a +0 war axe
 n - a +1 dagger of speed
 o - a +2 dagger of venom
Missiles
 d - 9 bolts (quivered)
Armour
 e - a +0 robe (worn)
 j - a +0 helmet (worn)
 m - a +0 buckler (worn)
Jewellery
 i - a ring of ice (left hand)
Scrolls
 b - 2 scrolls of remove curse
 f - 2 scrolls of noise {unknown}
 g - 3 scrolls of identify
 h - a scroll of recharging
 k - a scroll of immolation
 p - a scroll of fog {unknown}
Books
 c - a book of Debilitation

   Spells                             Type                      Level
   a - Corona                         Hexes                        1
   b - Slow                           Hexes                        2
   c - Inner Flame                    Hexes/Fire                   3
   d - Portal Projectile              Hexes/Translocation          3
   e - Cause Fear                     Hexes                        4
   f - Leda's Liquefaction            Hexes/Earth                  4


   Skills:
 - Level 1.0 Fighting
 - Level 4.0 Crossbows
 - Level 1.6 Dodging
 + Level 1.7 Shields
 - Level 1.3 Spellcasting
 - Level 3.1 Hexes


You had 3 spell levels left.
You knew the following spells:

 Your Spells              Type           Power        Failure   Level  Hunger
a - Corona                Hex            #......      11%         1    N/A
b - Slow                  Hex            #.......     16%         2    N/A

Dungeon Overview and Level Annotations

Branches:
Dungeon (5/15)
 Temple: D:4-7

Altars:
Dithmenos
Wu Jian

Shops:
D:4 *


Innate Abilities, Weirdness & Mutations

You do not eat or drink.
Your flesh is vulnerable to fire.
You are immune to poison.
Your flesh is cold resistant. (rC+)
You are immune to negative energy. (rN+++)
You are immune to unholy pain and torment.
You can survive without breathing.


Message History

The orc wizard completely misses you.
Firing (i - inventory):
d - 11 bolts (quivered)
Press: ? - help, Shift-Dir - straight line, f/p - orc wizard
Aim: an orc wizard, wielding a dagger and wearing a robe (almost dead, fast)
You shoot a bolt. The bolt barely misses the orc wizard.
You block something's attack. The orc wizard hits you with a dagger.
* * * LOW HITPOINT WARNING * * *
Firing (i - inventory):
d - 10 bolts (quivered)
Press: ? - help, Shift-Dir - straight line, f/p - orc wizard
Aim: an orc wizard, wielding a dagger and wearing a robe (almost dead, fast)
You shoot a bolt.
The bolt hits the orc wizard but does no damage.
The orc wizard is almost dead.
Something hits you.
* * * LOW HITPOINT WARNING * * *
The orc wizard hits you but does no damage. x2
You hear some strange, mumbled words.
A puff of flame appears from out of thin air!
The puff of flame hits you! The fire burns you terribly!
You die...

##...######
##..........
#.....######
#.##.## ...
#.# ### #.#
##'##
##%..##
#@....#
#o(.....#
#.........#
+..(......+
#(.(.(....#
##.(.....##
##(....##
##o..##


You could see an orc wizard and an orc (wandering).

Vanquished Creatures
  A scorpion (D:4)
  A howler monkey (D:3)
  An orc wizard (D:3)
  3 adders (D:2)
  An ooze (D:2)
  3 worms
  A dart slug (D:1)
  2 orcs (D:3)
  3 giant cockroaches
  6 hobgoblins
  7 jackals
  3 kobolds
  A quokka (D:3)
  5 bats
  8 frilled lizards
  A goblin (D:3)
  3 rats
50 creatures vanquished.

Notes
Turn   | Place    | Note
-------+----------+-------------------------------------------
     0 | D:1      | Lavandula the Mummy Arcane Marksman began the quest for the Orb.
     0 | D:1      | Reached XP level 1. HP: 15/15 MP: 2/2
   123 | D:1      | Reached XP level 2. HP: 13/21 MP: 4/4
   175 | D:1      | Reached skill level 2 in Crossbows
   457 | D:2      | Reached XP level 3. HP: 26/26 MP: 3/5
   572 | D:2      | Reached skill level 3 in Crossbows
   742 | D:2      | Reached XP level 4. HP: 19/32 MP: 3/6
   859 | D:3      | Found an ornate altar of the Wu Jian Council.
   986 | D:3      | Learned a level 2 spell: Slow
  1028 | D:3      | Reached skill level 4 in Crossbows
  1028 | D:3      | Reached XP level 5. HP: 21/37 MP: 1/7
  1156 | D:3      | Found a shadowy altar of Dithmenos.
  1372 | D:4      | Found Rexuz's Assorted Antiques.
  1375 | D:4      | Bought a scroll labeled WORRAR OCWOSOM for 29 gold pieces
  1375 | D:4      | Bought a scroll labeled SIWECUIMYI for 29 gold pieces
  1375 | D:4      | Bought a scroll labeled WORRAR OCWOSOM for 29 gold pieces
  1415 | D:5      | Entered Level 5 of the Dungeon
  1464 | D:4      | Reached skill level 1 in Shields
  1478 | D:4      | Killed from afar by an orc wizard

Vault maps used:
D:1:      tarquinn_simple_flora_water_f
D:2:      nicolae_overflow_crystal_walls, minmay_tromino_mix6
D:3:      nicolae_dithmenos_through_a_glass_darkly, lemuel_round_altar
D:4:      serial_shops, nicolae_shop_behind_doors
D:5:      kennysheep_six_static_rooms, basic_altar, first_bread

Skill      XL: |  1  2  3  4  5 |
---------------+----------------+-----
Hexes          | 3 |  3.1
Crossbows      | 2 3 4 |  4.0
Shields        | 1 |  1.7
Fighting       | |  1.0
Dodging        | |  1.6
Spellcasting   | |  1.3

Action                   |  1- 3 |  4- 6 || total
-------------------------+-------+-------++-------
Melee: Dagger            |    11 |     1 ||    12
 Fire: Hand crossbow     |    63 |    62 ||   125
 Cast: Corona            |    11 |    16 ||    27
  Use: Scroll            |     2 |     3 ||     5
 Stab: Sleeping          |       |     1 ||     1
Armor: Robe              |    22 |     7 ||    29
Dodge: Dodged            |    39 |    12 ||    51
Block: Buckler           |       |     3 ||     3
